Unix NetHack Version 5.0.0-0 post-release - last build Jun 10 2026 00:39:30 (3ee93aec679c4c4259841fe613dc97188e26a321,branch:main).

Game began 2026-06-12 21:25:50, ended 2026-06-12 21:32:57.

Ch3Begorrah, chaotic male human Rogue

   ------          -------
   |....|          |{....|
   |....|          ......|                           --------
   |.{..|          |...0.|    --------               .......|
   ----.-          |..@.%)####.......|             #|........     -------
       ##          |>....|    |......|        ######........|     |.....|
        #          |..(..|    |....%.-#    ####    #---------     |<..r.|
        #          -------    --------###  ###    ################......|
        #                             ## ##### #####              |.....|
        #                             #############               -------
 -------.---                             #######
 |.....`.%.| #                           #    ###
 |..........#}            -----------    #
 |.........|#}            |.........|#####
 -----------#}            |..........#
            #}          ##..........|
            #}          # -----------
            #}}}}}} #####
            #########

Ch3Begorrah the Cutpurse  St:14 Dx:18 Co:14 In:9 Wi:9 Ch:11  Chaotic
Dlvl:3  $:34 HP:0(25) Pw:10(10) AC:6  Xp:4 T:796 

Latest messages:
 What do you want to eat? [jkou or ?*] ?
 This lichen corpse tastes okay.
 You finish eating the lichen corpse.
 That door is closed.
 This door is locked.
 Unlock it with your lock pick? [ynq] (q) y
 You succeed in picking the lock.
 The door opens.
 You kill the jackal!
 You see here a jackal corpse.
 You find a hidden passage.
 You hear bubbling water.
 That door is closed.
 This door is locked.
 Unlock it with your lock pick? [ynq] (q) y
 You succeed in picking the lock.
 The door opens.
 The kobold hits!
 The goblin wields an orcish dagger!
 You kill the kobold!
 The kobold lord just misses!
 You hit the kobold lord.
 The kobold lord hits!
 You hit the kobold lord.
 The kobold lord hits!
 The goblin throws an orcish dagger!
 You are hit by an orcish dagger.
 In what direction? h
 The dagger hits the goblin.
 The kobold lord zaps a marble wand!
 The magic missile whizzes by you!
 In what direction? h
 The dagger hits the kobold lord.
 In what direction? h
 You throw 2 daggers.
 The 1st dagger hits the kobold lord.
 You kill the kobold lord!
 Welcome to experience level 4.
 The goblin picks up 2 +0 daggers.
 There is an open door here.
 You see here an orcish dagger.
 You kill the goblin!
 g - 2 +0 daggers (at the ready) (12 in total).
 v - a wand of magic missile.
 g - a +0 dagger (at the ready) (13 in total).
 g - a +0 dagger (at the ready) (14 in total).
 Click!  You trigger a rolling boulder trap!
 You are hit by a boulder!
 You die...
 Do you want your possessions identified? [ynq] (y) q

Inventory:
 Coins    ('$')
  $ - 34 gold pieces
 Weapons  (')')
  n - 7 +0 darts
  b - a +0 dagger (weapon in left hand)
  g - 14 +0 daggers (at the ready)
  a - a +0 short sword (alternate weapon; not wielded)
  l - a +0 bill-guisarme
 Armor    ('[')
  s - a cursed +0 orcish helm (being worn)
  c - an uncursed +1 leather armor (being worn)
 Comestibles  ('%')
  j - an uncursed slime mold
  u - an uncursed tripe ration
  k - an uncursed egg
 Scrolls  ('?')
  h - an uncursed scroll of food detection named ok
  m - an uncursed scroll of magic mapping
 Potions  ('!')
  r - an uncursed potion of healing
  i - a cursed potion of healing
  d - an uncursed potion of sickness
 Wands    ('/')
  v - a wand of magic missile (0:7)
 Tools    ('(')
  f - an empty uncursed sack
  e - an uncursed lock pick
  p - a cursed tin whistle named w1
  q - a cursed tin whistle
 Gems/Stones  ('*')
  t - a cursed jasper stone

Ch3Begorrah the Rogue's attributes:

Background:
 You were a Cutpurse, a level 4 male human Rogue.
 You were chaotic, on a mission for Kos
 who was opposed by Issek (lawful) and Mog (neutral).
 You were left-handed.
 You were in the Dungeons of Doom, on level 3.
 You entered the dungeon 796 turns ago.
 You had 92 experience points, 68 more were needed to attain level 5.

Basics:
 You had 0 out of 25 hit points.
 You had all 10 energy points (spell power).
 Your armor class was 6.
 Your wallet contained 34 zorkmids.
 Autopickup was on for '$!/(' plus thrown, with exceptions.

Final Characteristics:
 Your strength was 14 (limit:18/100).
 Your dexterity was 18 (limit:18).
 Your constitution was 14 (limit:18).
 Your intelligence was 9 (limit:18).
 Your wisdom was 9 (limit:18).
 Your charisma was 11 (limit:18).

Final Status:
 You weren't hungry.
 You were unencumbered.
 You were wielding a dagger.
 You had basic skill with dagger.

Final Attributes:
 You were fervently aligned.
 You were stealthy.
 You were warded.
 You are dead.

Miscellaneous:
 You didn't encounter any bones levels.
 Total elapsed playing time was 7 minutes and 7 seconds.

Major events:
 Turn
    1: Ch3Begorrah the chaotic male human Rogue entered the dungeon
  608: attained the rank of Cutpurse (level 3)
  796: killed by a boulder

You didn't know any spells.

Skills:
 Fighting Skills
   bare handed combat [Unskilled]
   two weapon combat  [Unskilled]
   riding             [Unskilled]
 Weapon Skills
   dagger             [Basic]
   knife              [Unskilled]
   short sword        [Basic]
   broadsword         [Unskilled]
   long sword         [Unskilled]
   two-handed sword   [Unskilled]
   saber              [Unskilled]
   club               [Unskilled]
   mace               [Unskilled]
   morning star       [Unskilled]
   flail              [Unskilled]
   hammer             [Unskilled]
   polearms           [Unskilled]
   spear              [Unskilled]
   crossbow           [Unskilled]
   dart               [Unskilled]
   shuriken           [Unskilled]
 Spellcasting Skills
   divination spells  [Unskilled]
   escape spells      [Unskilled]
   matter spells      [Unskilled]

Voluntary challenges:
 Character rerolling was not enabled.
 You followed a strict vegan diet.
 You were an atheist.
 You never genocided any monsters.
 You never polymorphed an object.
 You never changed form.
 You used no wishes.
Achievements:
 You entered a shop.
 You attained the rank of Cutpurse.

 The Dungeons of Doom: levels 1 to 3
    Level 1:
    Level 2:
       A general store.
    Level 3: <- You were here.
       Some fountains.
       Final resting place for
          you, killed by a boulder.


Vanquished creatures:
  a kobold leader
  a giant bat
  2 orc zombies
  a hobbit
  a yellow mold
  3 jackals
  3 kobolds
  2 goblins
  a sewer rat
  3 grid bugs
  a bat
  2 lichens
  2 kobold zombies
  2 newts
25 creatures vanquished.

No species were genocided or became extinct.

Game over:
                       ----------
                      /          \
                     /    REST    \
                    /      IN      \
                   /     PEACE      \
                  /                  \
                  |   Ch3Begorrah    |
                  |      34 Au       |
                  |   killed by a    |
                  |     boulder      |
                  |                  |
                  |                  |
                  |       2026       |
                 *|     *  *  *      | *
        _________)/\\_//(\/(/\)/\//\/|_)_______

Goodbye Ch3Begorrah the Rogue...

You died in The Dungeons of Doom on dungeon level 3 with 499 points,
and 34 pieces of gold, after 796 moves.
You were level 4 with a maximum of 25 hit points when you died.

